 Dungeon Crawl Stone Soup version 0.31.0-11-ge490571c62 (webtiles) character file.

Game seed: 334381299912023177

1407 Ijustatesigmund the Shield-Bearer (level 8, -3/55 HPs)
             Began as a Gargoyle Fighter on Jan 26, 2024.
             Incinerated by a bombardier beetle (5 damage)
             ... with a burning spray
             ... on level 5 of the Dungeon.
             The game lasted 00:09:04 (5258 turns).

Ijustatesigmund the Shield-Bearer (GrFi)            Turns: 5258, Time: 00:09:05

Health: -3/55      AC: 16    Str: 20    XL:     8   Next: 70%
Magic:  8/8        EV:  9    Int:  9    God:
Gold:   204        SH:  6    Dex: 13    Spells: 7/7 levels left

rFire   . . .        a - +0 flail
rCold   . . .        c - +0 buckler
rNeg    + . .        b - +0 scale mail
rPois   ∞            o - +0 helmet
rElec   +            (no cloak)
rCorr   .            f - +1 pair of gloves
SInv    .            k - +0 pair of boots
Will    .....        (no amulet) Stlth
                     (no ring)
HPRegen 0.29/turn    (no ring)
MPRegen 0.11/turn

%: no passive effects
@: on fire, glowing
A: sickness immunity, AC +5, negative energy resistance 1, electricity
resistance, torment resistance 1, petrification resistance, agile 1, robust 1,
teleportitis 1
a: no special abilities


You were on level 5 of the Dungeon.
You visited 1 branch of the dungeon, and saw 6 of its levels.
You also visited: Sewer.

You collected 204 gold pieces.

Inventory:

Hand Weapons
 a - a +0 flail (weapon)
Missiles
 m - a throwing net (quivered)
Armour
 b - a +0 scale mail (worn)
 c - a +0 buckler (worn)
 f - a +1 pair of gloves (worn)
 k - a +0 pair of boots (worn)
 o - a +0 helmet (worn)
Jewellery
 g - an amulet of magic regeneration
Wands
 l - a wand of charming (13)
 u - a wand of iceblast (8)
Scrolls
 d - a scroll of fog
 h - a scroll of vulnerability
 p - 2 scrolls of teleportation {unknown}
 q - a scroll of identify
 v - a scroll of revelation {unknown}
 w - a scroll of blinking
 x - a scroll of poison {unknown}
Potions
 e - a potion of ambrosia
 i - a potion of invisibility {unknown}
 j - a potion of curing
 n - 2 potions of magic {unknown}
 r - a potion of degeneration {unknown}
 s - a potion of heal wounds {unknown}
 t - a potion of resistance {unknown}


   Skills:
 + Level 5.6 Fighting
 + Level 6.3 Maces & Flails
 - Level 3.2 Armour
 + Level 7.4 Shields
 + Level 3.6 Evocations


You had 7 spell levels left.
You didn't know any spells.
Your spell library contained the following spells:

 Spells                   Type           Power      Damage    Failure   Level
 Ensorcelled Hibernation  Hex/Ice        0%         N/A       91%         2
 Passwall                 Erth           0%         N/A       99%         3
 Swiftness                Air            0%         N/A       99%         3
 Ignite Poison            Fire/Alch      0%         N/A       100%        4
 Freezing Cloud           Conj/Ice/Air   0%         6-21      100%        5
 Cigotuvi's Dreadful Rot  Necr/Alch/Air  Unusable   N/A       N/A         2

Dungeon Overview and Level Annotations

Branches:
Dungeon (6/15)              Sewer (visited)
 Temple: D:4-7

Altars:

Annotations:
D:3 1 runed translucent door, Yehuk's ghost, amateur GrFi


Innate Abilities, Weirdness & Mutations

You are immune to sickness and miasma.
Your stone body is resilient. (AC +5)
You are immune to poison.
You resist negative energy. (rN+)
You are resistant to electric shocks. (rElec)
You are resistant to unholy torment.
You are immune to petrification.
You are agile. (Dex +4, Str/Int -1)
You are robust. (+10% HP)
You are occasionally teleported next to monsters.


Message History

You are too injured to fight recklessly!
You are too injured to fight recklessly!
You are too injured to fight recklessly!
You are too injured to fight recklessly!
You are too injured to fight recklessly!
You are too injured to fight recklessly!
You are too injured to fight recklessly!
You are too injured to fight recklessly!
You are too injured to fight recklessly!
You shake off some of the fire as you move.
The liquid fire burns you!
You sock the bombardier beetle!
The bombardier beetle is heavily wounded.
The liquid fire burns you!
The bombardier beetle bites you but does no damage.
You hit the bombardier beetle but do no damage.
The bombardier beetle is heavily wounded.
The liquid fire burns you!
* * * LOW HITPOINT WARNING * * *
The bombardier beetle bites you but does no damage.
You sock the bombardier beetle!
The bombardier beetle is almost dead.
The liquid fire burns you!
* * * LOW HITPOINT WARNING * * *
You sock the bombardier beetle!
You kill the bombardier beetle!
The liquid fire burns you!
* * * LOW HITPOINT WARNING * * *
You are on fire!
You are on fire!
You are on fire!
You shake off some of the fire as you move.
The liquid fire burns you!
* * * LOW HITPOINT WARNING * * *
You shake off some of the fire as you move.
The liquid fire burns you!
* * * LOW HITPOINT WARNING * * *
You shake off some of the fire as you move.
The liquid fire burns you!
You die...

## ............ #####
.....[..... ....# ##
#.......... ....######.
##.........#
...........##...........
...........#............
..............).......##
#.#.......#.#..........#
.....###..#.#...@......#
.......#..#.(..?........
.......#....#...........
)......................#
#.........###.........##
#........## #...........
.........# #....####...
##.......####....# ...
.#................


There were no monsters in sight!

Vanquished Creatures
  Prince Ribbit (D:5)
  Menkaure (D:5)
  Pargi (Sewer)
  2 ogres
  A centaur (D:6)
  2 kobold brigands (Sewer)
  A scorpion (D:4)
  3 bombardier beetles
  3 hounds (D:4)
  An orc priest (D:4)
  A sleepcap (D:5)
  An iguana (D:5)
  An orc wizard (D:3)
  11 adders
  A dart slug (D:1)
  3 ribbon worms
  15 orcs
  2 ball pythons
  2 endoplasms (D:1)
  5 giant cockroaches
  7 goblins
  7 hobgoblins
  10 jackals
  3 quokkas
  8 bats
  7 frilled lizards
  10 kobolds
  7 rats
117 creatures vanquished.

Vanquished Creatures (collateral kills)
  2 orc priests (D:5)
2 creatures vanquished.

Grand Total: 119 creatures vanquished

Notes
Turn   | Place    | Note
-------+----------+-------------------------------------------
     0 | D:1      | Ijustatesigmund the Gargoyle Fighter began the quest for
                  | the Orb.
     0 | D:1      | Reached XP level 1. HP: 14/14 MP: 1/1
   129 | D:1      | Reached XP level 2. HP: 17/19 MP: 2/2
   329 | D:1      | Reached XP level 3. HP: 22/23 MP: 3/3
   356 | D:1      | Reached skill level 4 in Shields
  1309 | D:2      | Reached XP level 4. HP: 28/28 MP: 4/4
  1559 | D:3      | Found a glowing drain.
  1603 | Sewer    | Entered a sewer
  1642 | Sewer    | Noticed a kobold brigand
  1665 | Sewer    | Killed a kobold brigand
  1666 | Sewer    | Reached skill level 5 in Shields
  1666 | Sewer    | Reached XP level 5. HP: 32/32 MP: 5/5
  1669 | Sewer    | Noticed Pargi
  1685 | Sewer    | Killed Pargi
  1686 | Sewer    | Reached XP level 6. HP: 10/37 MP: 6/6
  2139 | D:3      | Reached skill level 6 in Shields
  2139 | D:3      | Reached skill level 1 in Evocations
  2532 | D:3      | Found a runed translucent door.
  2532 | D:3      | Noticed Yehuk's ghost (amateur GrFi)
  2587 | D:3      | Reached skill level 5 in Maces & Flails
  2692 | D:4      | Reached XP level 7. HP: 39/42 MP: 7/7
  3740 | D:5      | Entered Level 5 of the Dungeon
  3849 | D:5      | Noticed Prince Ribbit
  4145 | D:5      | Gained mutation: You are clumsy. (Dex -2) [potion of
                  | mutation]
  4154 | D:5      | Killed Prince Ribbit
  4155 | D:5      | Reached XP level 8. HP: 25/48 MP: 8/8
  4509 | D:6      | Reached skill level 5 in Fighting
  4509 | D:6      | Reached skill level 7 in Shields
  5183 | D:5      | Lost mutation: You are clumsy. (Dex -2) [potion of
                  | mutation]
  5183 | D:5      | Gained mutation: You are agile. (Dex +4, Str/Int -1)
                  | [potion of mutation]
  5183 | D:5      | Gained mutation: You are occasionally teleported next to
                  | monsters. [potion of mutation]
  5183 | D:5      | Gained mutation: You are robust. (+10% HP) [potion of
                  | mutation]
  5240 | D:5      | Noticed Menkaure
  5249 | D:5      | Killed Menkaure
  5257 | D:5      | HP: 1/55 [burnt (4)]
  5258 | D:5      | Incinerated by a bombardier beetle

Illustrated notes

Levels and vault maps discovered:
D:1:      dpeg_arrival_rooms_c, layout_rooms, minmay_misc_feat_pillars,
          st_stairs_11, serial_bayou_pond_a
D:2:      layout_loops_ring, st_stairs_1, minmay_misc_feat_columns,
          grunt_decor_arrowhead, feat_on_display
D:3:      layout_loops_cross, gup_sewer_entry_glass, gammafunk_ghost_grave
D:4:      layout_loops_corners, hangedman_glass_teeth, grunt_ministairs_7
D:5:      layout_rooms, minmay_temple_entry_enclosed_plants, grunt_ministairs_3,
          uniq_prince_ribbit1, uniq_menkaure
D:6:      layout_loops_corners, gammafunk_temple_overflow_forgotten,
          minmay_between, uniq_grinder, uniq_jeremiah, uniq_eustachio

Skill      XL: |  1  2  3  4  5  6  7  8 |
---------------+-------------------------+-----
Shields        | 4 5 6 7 |  7.4
Maces & Flails | 3 4 5 6 |  6.3
Evocations     | 1 2 3 |  3.6
Fighting       | 4 5 |  5.6
Armour         | |  3.2

Action                     |  1- 3 |  4- 6 |  7- 9 || total
---------------------------+-------+-------+-------++-------
  Melee: Flail             |   137 |   248 |   141 ||   526
  Evoke: Wand              |       |       |     1 ||     1
    Use: Scroll            |     1 |     8 |       ||     9
         Potion            |       |     1 |     3 ||     4
   Stab: Betrayed ally     |       |       |     1 ||     1
 Armour: Scale mail        |   119 |   239 |   102 ||   460
         Skin              |       |       |     2 ||     2
  Dodge: Dodged            |    68 |   158 |    72 ||   298
  Block: Buckler           |    42 |    73 |    35 ||   150
